 Dungeon Crawl Stone Soup version 0.23.2-30-g0e89c35649 (webtiles) character file.

Game seed: 16449384009093861607

13 Matador8 the Sneak (level 2, -1/19 HPs)
             Began as a Vampire Enchanter on June 21, 2019.
             Slain by a jackal (2 damage)
             ... on level 1 of the Dungeon.
             The game lasted 00:03:44 (897 turns).

Matador8 the Sneak (Vampire Enchanter)               Turns: 897, Time: 00:03:44

Health: -1/19      AC:  2    Str:  7    XL:     2   Next: 24%
Magic:  1/5        EV: 12    Int: 17    God:
Gold:   8          SH:  0    Dex: 14    Spells: 4/5 levels left

rFire    . . .     SeeInvis +   a - +1 dagger
rCold    . . .     Gourm    .   (no shield)
rNeg     + . .     Faith    .   b - +0 robe
rPois    .         Spirit   .   (no helmet)
rElec    .         Reflect  .   (no cloak)
rCorr    .         Harm     .   (no gloves)
MR       .....                  (no boots)
Stlth    +++.......             (no amulet)
HPRegen  0.06/turn              (no ring)
MPRegen  0.09/turn              (no ring)

@: very slightly contaminated
A: fangs 3, see invisible, unbreathing
a: no special abilities


You were on level 1 of the Dungeon.
You were not thirsty.

You visited 1 branch of the dungeon, and saw 1 of its levels.

You collected 8 gold pieces.

Inventory:

Hand Weapons
 a - a +1 dagger (weapon)
Missiles
 i - 4 needles of confusion
Armour
 b - a +0 robe (worn)
 e - a +0 plate armour of poison resistance
Jewellery
 c - an uncursed ring of magical power {unknown}
 g - an uncursed amulet of faith {unknown}
 l - an uncursed ring of magical power {unknown}
Scrolls
 f - a scroll of identify {unknown}
 j - a scroll of noise {unknown}
Potions
 d - 5 potions of blood
 h - a potion of curing {unknown}
 k - a potion of degeneration {unknown}


   Skills:
 * Level 2.0 Short Blades
 - Level 2.1 Dodging
 + Level 4.7 Stealth
 - Level 2.0 Spellcasting
 + Level 4.7 Hexes


You had 4 spell levels left.
You knew the following spells:

 Your Spells              Type           Power        Failure   Level  Hunger
a - Corona                Hex            ###....      2%          1    #......

Your spell library contained the following spells:

 Spells                   Type           Power        Failure   Level  Hunger
 Confuse                  Hex            ###.....     9%          3    ###....
 Tukima's Dance           Hex            ###.....     9%          3    ###....
 Ensorcelled Hibernation  Hex/Ice        #.....       11%         2    ###....
 Dazzling Spray           Conj/Hex       #.....       22%         3    ###....


Dungeon Overview and Level Annotations

Branches:
Dungeon (1/15)

Altars:


Innate Abilities, Weirdness & Mutations

You have razor-sharp teeth.
You have supernaturally acute eyesight. (SInv)
You can survive without breathing.


Message History

You kill the jackal!
Your Short Blades skill increases to level 2!
Casting: Corona (safe; 2% risk of failure)
Confirm with . or Enter, or press ? or * to list all spells.
Aiming: Corona (safe; 2% risk of failure)
Press: ? - help, Shift-Dir - straight line, f - jackal
Aim: a jackal (chance to defeat MR: 71%)
The jackal is outlined in light.
The jackal closely misses you.
You hit the jackal but do no damage. Your bite misses the jackal.
The jackal closely misses you. x2
You hit the jackal.
The jackal is heavily wounded.
The jackal bites you but does no damage.
You barely miss the jackal.
The jackal is heavily wounded.
The jackal barely misses you.
You closely miss the jackal.
The jackal is heavily wounded.
The jackal bites you.
You die...

#.# ###.##..>(....# #.#
#......####.. #.#
##.......###. #.##
###...#..... #..#
##..####.. ##.# ##..###..
##.####.# #.......
........##### #.####..
.........@h.# #.#.....
.......####.# #...##..
....... #.# ##..###.
........hh.h....# #......
.......######.........####
....... ###..#...##
......# ##...#....#
...#..###.. #####. ..#


You could see a jackal.

Vanquished Creatures
  2 giant cockroaches (D:1)
  2 goblins (D:1)
  3 jackals (D:1)
  A kobold (D:1)
  A frilled lizard (D:1)
  2 rats (D:1)
11 creatures vanquished.

Notes
Turn   | Place    | Note
-------+----------+-------------------------------------------
     0 | D:1      | Matador8 the Vampire Enchanter began the quest for the Orb.
     0 | D:1      | Reached XP level 1. HP: 13/13 MP: 3/3
   855 | D:1      | Reached XP level 2. HP: 19/19 MP: 3/5
   897 | D:1      | Slain by a jackal

Skill      XL: |  1  2 |
---------------+-------+-----
Short Blades   | 2 |  2.0
Dodging        | |  2.1
Stealth        | |  4.7
Spellcasting   | |  2.0
Hexes          | |  4.7

Action                   || total
-------------------------++-------
Melee: Dagger            ||    55
       Bite              ||     4
 Cast: Corona            ||    12
 Stab: Sleeping          ||     2
Armor: Robe              ||    12
Dodge: Dodged            ||    28
